 Dungeon Crawl Stone Soup version 0.20.1-1-g8b1a95d (webtiles) character file.

59 Devour the Skirmisher (level 3, -5/33 HPs)
             Began as a Minotaur Abyssal Knight on Sept 16, 2017.
             Was a Believer of Lugonu.
             Slain by Natasha (9 damage)
             ... on level 2 of the Dungeon on Sept 17, 2017.
             The game lasted 00:03:17 (1760 turns).

Devour the Skirmisher (Minotaur Abyssal Knight)     Turns: 1760, Time: 00:03:18

Health: -5/33      AC:  4    Str: 17    XL:     3   Next: 78%
Magic:  3/3        EV: 12    Int:  9    God:    Lugonu [**....]
Gold:   78         SH:  0    Dex:  9    Spells: 2/2 levels left

rFire    . . .     SeeInvis .   a - +1 hand axe
rCold    . . .     Gourm    .   (no shield)
rNeg     . . .     Faith    .   b - +1 leather armour
rPois    .         Spirit   .   (helmet restricted)
rElec    .         Reflect  .   (no cloak)
rCorr    .         Harm     .   (no gloves)
MR       .....                  (no boots)
Stlth    +.........             e - amulet of inaccuracy (curse)
Regen    0.2/turn               (no ring)
MPRegen  0.1/turn               (no ring)

@: no status effects
A: retaliatory headbutt, horns 2
a: Depart the Abyss, Bend Space, Renounce Religion


You were on level 2 of the Dungeon.
You worshipped Lugonu.
Lugonu was pleased with you.
You were not hungry.

You visited 1 branch of the dungeon, and saw 2 of its levels.
You visited the Abyss 1 time.

You collected 78 gold pieces.

Inventory:

Hand Weapons
 a - a +1 hand axe (weapon)
Armour
 b - a +1 leather armour (worn)
 g - a +0 ring mail
 j - a +0 chain mail
Jewellery
 d - an uncursed ring of flight
 e - a cursed amulet of inaccuracy (around neck)
 h - a +2 amulet of reflection {unknown}
 l - an uncursed amulet of faith {unknown}
Scrolls
 m - a scroll of amnesia {unknown}
Potions
 i - a potion of curing {unknown}
 k - a potion of mutation {unknown}
Comestibles
 c - 2 bread rations
 f - a meat ration


   Skills:
 + Level 4.2 Fighting
 + Level 3.0 Axes
 + Level 2.9 Armour
 + Level 2.0 Dodging
 + Level 2.5 Invocations


You had 2 spell levels left.
You didn't know any spells.

Dungeon Overview and Level Annotations

Branches:
Dungeon (2/15)

Altars:

Annotations:
D:2 Natasha


Innate Abilities, Weirdness & Mutations

You reflexively headbutt those who attack you in melee.
You have a pair of horns on your head.


Message History

Natasha is lightly wounded.
Natasha claws you.
You closely miss Natasha.
Natasha is lightly wounded.
Natasha barely misses you. Natasha claws you!
You are too injured to fight recklessly!
You are too injured to fight recklessly!
You are too injured to fight recklessly!
You closely miss Natasha.
Natasha is lightly wounded.
Natasha claws you!
* * * LOW HITPOINT WARNING * * *
You hit Natasha.
Natasha is moderately wounded.
Natasha claws you.
* * * LOW HITPOINT WARNING * * *
You miss Natasha.
Natasha is moderately wounded.
Natasha claws you!
You die...

#.# #..........#.## ###
.. #..#...#..#.#..#####
# #..
#..#..#..#.#.##.....# #
#.
......###.......####.##
.. ##...##
##............### #.#
##########.####......
.. #.........<# ##.....
#.....%....### ####..
#..h@........# #####.
#.?>.......##..##.....
#............#
#....####
..##.........#
###...... # #####.#####
#)..##..# #.# #..####.#
... .... #.. ##.# ...##
##. #.## ##


You could see Natasha.

Vanquished Creatures
  2 adders (D:2)
  An ooze (D:1)
  2 worms (D:2)
  2 dart slugs (D:1)
  A ball python (D:2)
  5 bats
  A goblin (D:1)
  5 hobgoblins
  4 frilled lizards
  4 kobolds
  3 rats (D:1)
30 creatures vanquished.

Notes
Turn   | Place    | Note
-------+----------+-------------------------------------------
     0 | Abyss:1  | Devour the Minotaur Abyssal Knight began the quest for the Orb.
     0 | Abyss:1  | Reached XP level 1. HP: 19/19 MP: 1/1
    46 | Abyss:1  | Noticed a smoke demon
    55 | D:1      | Escaped the Abyss
   212 | D:1      | Reached XP level 2. HP: 27/27 MP: 2/2
   420 | D:1      | Reached skill level 4 in Fighting
  1093 | D:2      | Reached XP level 3. HP: 27/33 MP: 3/3
  1237 | D:2      | Reached ** piety under Lugonu
  1603 | D:2      | Found a faded altar of an unknown god.
  1753 | D:2      | Noticed Natasha
  1760 | D:2      | Slain by Natasha

Skill      XL: |  1  2  3 |
---------------+----------+-----
Invocations    | 2 |  2.5
Fighting       | 4 |  4.2
Axes           | 3 |  3.0
Dodging        | 2 |  2.0
Armour         | |  2.9

Action                   || total
-------------------------++-------
Melee: Hand axe          ||    93
       Headbutt          ||    12
  Use: Scroll            ||     4
  Eat: Royal jelly       ||     1
       Chunk             ||     1
Armor: Leather armour    ||    21
Dodge: Dodged            ||    58
